 Dungeon Crawl Stone Soup version 0.27.1-2-g3b301248ec (webtiles) character file.

Game seed: 12456407284301713424

60 Descartes the Shield-Bearer (level 4, -3/35 HPs)
             Began as a Formicid Fighter on Oct 2, 2021.
             Slain by Sigmund (9 damage)
             ... on level 1 of the Dungeon.
             The game lasted 00:02:02 (1485 turns).

Descartes the Shield-Bearer (Formicid Fighter)      Turns: 1485, Time: 00:02:02

Health: -3/35      AC:  6    Str: 20    XL:     4   Next: 25%
Magic:  4/4        EV:  8    Int:  9    God:
Gold:   68         SH: 10    Dex: 10    Spells: 3/3 levels left

rFire    . . .     SeeInvis +   a - +0 war axe
rCold    . . .     Faith    .   c - +0 kite shield
rNeg     . . .     Spirit   .   b - +0 scale mail
rPois    .         Reflect  .   (helmet unavailable)
rElec    .         Harm     .   (no cloak)
rCorr    .         Rampage  .   (no gloves)
Will     .....                  (no boots)
Stlth    ..........             (no amulet)
HPRegen  0.11/turn              (no ring)
MPRegen  0.09/turn              (no ring)

@: no status effects
A: permanent stasis, dig shafts and tunnels, antennae 3, four strong arms
a: Dig, Shaft Self


You were on level 1 of the Dungeon.
You visited 1 branch of the dungeon, and saw 2 of its levels.

You collected 68 gold pieces.

Inventory:

Hand Weapons
 a - a +0 war axe (weapon)
Missiles
 g - 3 stones
 h - 10 bolts
 i - 24 arrows
Armour
 b - a +0 scale mail (worn)
 c - a +0 kite shield (worn)
Scrolls
 e - a scroll of fog {unknown}
Potions
 d - a potion of might
 f - 2 potions of curing {unknown}
 j - a potion of magic {unknown}


   Skills:
 - Level 3.2 Fighting
 - Level 2.0 Axes
 - Level 3.2 Armour
 + Level 5.8 Shields


You had 3 spell levels left.
You didn't know any spells.
Your spell library contained the following spells:

 Spells                   Type           Power      Damage    Failure   Level
 Summon Guardian Golem    Hex/Summ       0%         N/A       100%        3
 Orb of Destruction       Conj           0%         N/A       100%        7
 Spellforged Servitor     Conj/Summ      0%         N/A       100%        7


Dungeon Overview and Level Annotations

Branches:
Dungeon (2/15)

Altars:

Annotations:
D:1 Sigmund


Innate Abilities, Weirdness & Mutations

You cannot be hasted, slowed, berserked, paralysed or teleported.
You can dig through walls and to a lower floor.
You have a pair of large antennae on your head. (SInv)
Your four strong arms can wield two-handed weapons with a shield.


Message History

The jackal bites you but does no damage.
You barely miss the jackal. You block the jackal's attack.
The jackal bites you.
The jackal bites you but does no damage.
You slash the jackal!
You kill the jackal!
No target in view!
No target in view!
No target in view!
No target in view!
No target in view!
No target in view!
No target in view!
No target in view!
No target in view!
No target in view!
HP restored.
Things that are here:
a +0 dagger; a goblin corpse
There is a stone staircase leading down here.
You climb downwards.
Level annotation: Sigmund Sigmund casts a spell at you.
You resist with some effort.
There is a stone staircase leading up here.
Sigmund gestures wildly while chanting.
Sigmund flickers and vanishes for a moment.
There is a stone staircase leading up here.
Sigmund hits you with a +0 scythe!
You climb upwards.
There is a stone staircase leading down here.
You closely miss Sigmund. Sigmund hits you with a +0 scythe!
You hit Sigmund.
Sigmund is lightly wounded.
Sigmund hits you with a +0 scythe!
* * * LOW HITPOINT WARNING * * *
You closely miss Sigmund.
Sigmund is lightly wounded.
Sigmund hits you with a +0 scythe!
You die...

#.#######...# #.# #.#
##.## #.# #.# #.# #.#
#.# #.# #.# #.# #.# #.#
#.# ###.# ##.#
#.######.#.# #..#
#.##...†#@.# #.##
#)##.###@#.# #.# #.##.#
#.#.####### #.# #.##.#
#.#.......#####.##
#########.##.#
#.#######.##......
.............# #.#
#...#.##.##
.########....# #.#
##.....##.# .#
####.###.#####.........#
.# #.##.#...........####
.## #.###.####.#####.#


You could see Sigmund (invisible).

Vanquished Creatures
  2 dart slugs
  5 ball pythons
  6 bats (D:1)
  5 endoplasms (D:1)
  2 giant cockroaches (D:1)
  9 goblins
  5 hobgoblins
  3 jackals (D:1)
  2 quokkas (D:1)
  7 kobolds
  5 rats (D:1)
51 creatures vanquished.

Notes
Turn   | Place    | Note
-------+----------+-------------------------------------------
     0 | D:1      | Descartes the Formicid Fighter began the quest for the Orb.
     0 | D:1      | Reached XP level 1. HP: 18/18 MP: 1/1
   194 | D:1      | Reached skill level 4 in Shields
   200 | D:1      | Reached XP level 2. HP: 21/24 MP: 2/2
   568 | D:1      | Reached XP level 3. HP: 29/29 MP: 3/3
   587 | D:1      | Reached skill level 5 in Shields
  1240 | D:2      | Reached XP level 4. HP: 24/35 MP: 4/4
  1429 | D:2      | Noticed Sigmund
  1485 | D:1      | Slain by Sigmund

Illustrated notes

Levels and vault maps discovered:
D:1:      zaba_arrival_water, layout_loops_ring, minivault_25, st_stairs_8
D:2:      kennysheep_the_goblin_king, layout_basic, uniq_sigmund

Skill      XL: |  1  2  3 |
---------------+----------+-----
Shields        | 4 5 |  5.8
Fighting       | |  3.2
Axes           | |  2.0
Armour         | |  3.2

Action                   |  1- 3 |  4- 6 || total
-------------------------+-------+-------++-------
Melee: War axe           |    95 |    25 ||   120
Armor: Scale mail        |    72 |    15 ||    87
Dodge: Dodged            |    41 |     7 ||    48
Block: Kite shield       |    58 |    16 ||    74
